 Dungeon Crawl Stone Soup version 0.20-a0-1008-g0de3dc5 (webtiles) character file.

1389 George the Covert (level 8, -8/42 HPs)
             Began as a Spriggan Assassin on Apr 14, 2017.
             Mangled by an orc warrior
             ... wielding a +0 battleaxe
              (21 damage)
             ... on level 6 of the Dungeon.
             The game lasted 00:14:04 (7642 turns).

George the Covert (Spriggan Assassin)               Turns: 7642, Time: 00:14:05

Health: -8/42      AC:  3    Str:  7    XL:     8   Next: 40%
Magic:  9/9        EV: 24    Int: 13    God:
Gold:   382        SH:  0    Dex: 25    Spells: 7/7 levels left

rFire    . . .     SeeInvis +   u - +2 dagger (vamp)
rCold    . . .     Gourm    .   (shield restricted)
rNeg     . . .     Faith    .   c - +0 robe
rPois    .         Spirit   .   (helmet restricted)
rElec    .         Reflect  .   d - +0 cloak
rCorr    +         Harm     .   (gloves unavailable)
MR       +....                  (boots unavailable)
Stlth    +++++.....             (no amulet)
Regen    0.2/turn               i - ring of resist corrosion
MPRegen  0.2/turn               E - +6 ring of dexterity

@: very quick
A: unfitting armour, see invisible, herbivore 3, speed 3, slow metabolism 2
a: no special abilities


You were on level 6 of the Dungeon.
You were not hungry.

You visited 1 branch of the dungeon, and saw 6 of its levels.

You collected 382 gold pieces.

Inventory:

Hand Weapons
 a - a +2 dagger
 b - a +0 blowgun
 s - a +0 dagger of venom
 u - a +2 vampiric dagger (weapon)
Missiles
 e - 31 poisoned needles
 f - 2 curare-tipped needles
 j - 3 tomahawks (quivered)
 y - a throwing net
Armour
 c - a +0 robe (worn)
 d - a +0 cloak (worn)
Jewellery
 i - a ring of resist corrosion (left hand)
 o - an uncursed ring of ice
 x - an uncursed ring of ice
 E - a +6 ring of dexterity (right hand)
Wands
 w - a wand of iceblast (6/15)
Scrolls
 h - a scroll of summoning {unknown}
 l - 5 scrolls of remove curse {unknown}
 m - a scroll of fog {unknown}
 p - a scroll of enchant weapon {unknown}
 q - 3 scrolls of amnesia {unknown}
 t - a scroll of immolation {unknown}
 v - 3 scrolls of fear {unknown}
 z - a scroll of teleportation {unknown}
 A - a scroll of enchant armour {unknown}
Potions
 k - a potion of heal wounds
 n - a potion of lignification
 r - a potion of resistance {unknown}
 B - a potion of mutation {unknown}
 C - 3 potions of curing
 D - a potion of ambrosia {unknown}
Comestibles
 g - 3 bread rations


   Skills:
 + Level 4.0 Fighting
 + Level 5.8 Short Blades
 + Level 4.8 Throwing
 + Level 6.3 Dodging
 + Level 9.4 Stealth


You had 7 spell levels left.
You didn't know any spells.

Dungeon Overview and Level Annotations

Branches:
Dungeon (6/15)
 Temple: D:4-7

Altars:
Sif Muna
Trog
Zin


Innate Abilities, Weirdness & Mutations

You are very small and have problems with some larger weapons.
You are too small for most types of armour.
You have supernaturally acute eyesight. (SInv)
You are a herbivore.
You cover ground extremely quickly.
You need consume almost no food.


Message History

Throwing (i - inventory. (,) - cycle):
j - 4 tomahawks (quivered)
Press: ? - help, Shift-Dir - straight line, f/p - orc warrior
Aim: an orc warrior, wielding a battleaxe and wearing a plate armour (severely wounded)
You throw a tomahawk.
The tomahawk completely misses the orc warrior.
You hit the orc warrior but do no damage.
The orc warrior is severely wounded.
The orc warrior closely misses you.
You hit the orc warrior but do no damage.
The orc warrior is severely wounded.
You hit the orc warrior but do no damage.
The orc warrior is severely wounded.
The orc warrior closely misses you.
You closely miss the orc warrior.
The orc warrior is severely wounded.
You hit the orc warrior but do no damage.
The orc warrior is severely wounded.
The orc warrior hits you with a battleaxe!!
Ouch! That really hurt!
You die...

#.o# #.# #..####...
#.....(.## #.####....
#.# #.... #.####.##
##########........
##......o((......##
#..@o.(((######..#
#..#####.# #..##
#.<#####.#### #...#
#..##.......# #†#.#
####..##.......###.#.##
#.....##............#.#
#.##.###...........###.
#.##.# #.......####.#.#
#.##[###.......# ##.##


You could see an orc warrior and an orc.

Vanquished Creatures
  Edmund (D:4)
  A phantom (D:5)
  An ogre (D:5)
  2 centaurs
  Blork the orc (D:4)
  A bullfrog (D:6)
  A scorpion (D:5)
  A howler monkey (D:4)
  2 crimson imps (D:5)
  2 centaur zombies
  2 bullfrog zombies
  A hound (D:5)
  A gnoll shaman (D:3)
  3 worker ants (D:4)
  4 orc wizards
  A worker ant zombie (D:6)
  9 gnolls
  2 howler monkey skeletons
  5 adders
  An ooze (D:4)
  3 adder skeletons
  3 worms
  4 dart slugs
  6 leopard geckos
  19 orcs
  2 giant cockroaches (D:5)
  8 goblins
  5 hobgoblins
  5 jackals
  3 quokkas
  5 bats
  4 frilled lizards
  A giant cockroach zombie (D:5)
  5 kobolds
  A quokka skeleton (D:5)
  5 rats
121 creatures vanquished.

Notes
Turn   | Place    | Note
-------+----------+-------------------------------------------
     0 | D:1      | George the Spriggan Assassin began the quest for the Orb.
     0 | D:1      | Reached XP level 1. HP: 10/10 MP: 2/2
   231 | D:1      | Reached XP level 2. HP: 15/15 MP: 3/3
   328 | D:1      | Reached skill level 6 in Stealth
   461 | D:1      | You fall through a shaft!
   899 | D:2      | Reached XP level 3. HP: 15/18 MP: 4/4
   955 | D:2      | Found a bloodstained altar of Trog.
  2131 | D:3      | Reached XP level 4. HP: 15/23 MP: 5/5
  2581 | D:3      | Found a deep blue altar of Sif Muna.
  3131 | D:4      | Reached XP level 5. HP: 23/26 MP: 6/6
  3151 | D:4      | Reached skill level 7 in Stealth
  3445 | D:3      | Reached XP level 6. HP: 21/32 MP: 7/7
  3803 | D:4      | Noticed Blork the orc
  3807 | D:4      | Killed Blork the orc
  4343 | D:4      | Noticed Edmund
  4354 | D:4      | Killed Edmund
  4376 | D:4      | Reached skill level 8 in Stealth
  4376 | D:4      | Reached XP level 7. HP: 22/36 MP: 8/8
  4864 | D:5      | Entered Level 5 of the Dungeon
  5069 | D:5      | HP: 1/36 [phantom (7)]
  5441 | D:5      | Reached skill level 5 in Short Blades
  5441 | D:5      | Reached skill level 5 in Dodging
  6332 | D:5      | Reached XP level 8. HP: 18/41 MP: 9/9
  6443 | D:5      | Reached skill level 9 in Stealth
  6952 | D:5      | HP: 2/42 [orc/war axe (3)]
  7564 | D:6      | Found a glowing silver altar of Zin.
  7642 | D:6      | Mangled by an orc warrior

Vault maps used:
D:1:      minmay_arrival_shoal_huts
D:2:      bloody_trog
D:3:      first_bread, lemuel_blue_sif_altar
D:4:      minmay_misc_feat_tiny, uniq_edmund, uniq_blork_the_orc
D:5:      minmay_large_rounded_square, minivault_25
D:6:      nicolae_overflow_crystal_walls, lemuel_doored_altar

Skill      XL: |  1  2  3  4  5  6  7  8 |
---------------+-------------------------+-----
Dodging        | 2 3 4 5 6 |  6.3
Stealth        | 6 7 8 9 |  9.4
Short Blades   | 3 4 5 |  5.8
Fighting       | 2 3 4 |  4.0
Throwing       | 3 4 |  4.8

Action                   |  1- 3 |  4- 6 |  7- 9 || total
-------------------------+-------+-------+-------++-------
Melee: Dagger            |   176 |   156 |   395 ||   727
Throw: Tomahawk          |       |     7 |    54 ||    61
  Use: Scroll            |     1 |       |     2 ||     3
       Potion            |     1 |       |       ||     1
 Stab: Sleeping          |    11 |     4 |     7 ||    22
  Eat: Royal jelly       |       |       |     1 ||     1
       Bread ration      |       |       |     2 ||     2
Armor: Robe              |    13 |    14 |    17 ||    44
Dodge: Dodged            |   102 |   121 |   296 ||   519
